 Dungeon Crawl Stone Soup version 0.30.1-11-g7821555f0a (webtiles) character file.

Game seed: 9567353053643353353

20638 lonewolfV2 the Lightning Rod (level 12, -2/110 HPs)
             Began as a Minotaur Fighter on Nov 14, 2023.
             Was a Follower of Qazlal.
             Slain by Snorg (9 damage)
             ... on level 11 of the Dungeon.
             The game lasted 00:20:13 (13302 turns).

lonewolfV2 the Lightning Rod (Minotaur Fighter)    Turns: 13302, Time: 00:20:14

Health: -2/110     AC: 22    Str: 23    XL:     12   Next: 47%
Magic:  21/21      EV:  6    Int:  5    God:    Qazlal [*.....]
Gold:   947        SH:  2    Dex: 13    Spells: 11/11 levels left

rFire   . . .        p - +13 scythe of Curses {drain, curses, Drain}
rCold   . . .        (shield currently unavailable)
rNeg    + . .        E - +0 plate armour
rPois   .            (helmet restricted)
rElec   +            i - +1 cloak {rCorr}
rCorr   +            l - +0 pair of gloves
SInv    .            h - +2 pair of boots
Will    +++..        C - amulet of Qoscha {Acrobat Fragile rElec Will+++ Slay-4} Stlth
                     k - ring of positive energy
HPRegen 0.38/turn    D - +4 ring of protection
MPRegen 0.17/turn

%: acrobat
@: marked
A: horns 2, retaliatory headbutt
a: Renounce Religion


You were on level 11 of the Dungeon.
You worshipped Qazlal.
Qazlal was aware of your devotion.
You visited 2 branches of the dungeon, and saw 14 of its levels.
You also visited: Bailey.

You collected 947 gold pieces.

Inventory:

Hand Weapons
 e - a +2 heavy war axe
 p - the +13 scythe of Curses (weapon) {drain, curses, Drain}
   (You found it on level 9 of the Dungeon)

   Drain:     It drains your maximum health when unequipped.
Missiles
 t - 8 throwing nets (quivered)
Armour
 h - a +2 pair of boots (worn)
 i - a +1 cloak of preservation (worn)
 l - a +0 pair of gloves (worn)
 E - a +0 plate armour (worn)
 F - a +0 tower shield
Jewellery
 a - a ring of magical power
 k - a ring of positive energy (left hand)
 B - an amulet of guardian spirit
 C - the amulet of Qoscha (around neck) {Acrobat Fragile rElec Will+++ Slay-4}
   (You found it on level 12 of the Dungeon)

   [amulet of the acrobat]

   It increases your evasion while moving and waiting.
   Slay:      It affects your accuracy & damage with ranged weapons and melee
   (-4).
   rElec:     It insulates you from electricity.
   Fragile:   It will be destroyed if unequipped.
   Will:      It greatly increases your willpower.
 D - a +4 ring of protection (right hand)
Wands
 b - a wand of flame (14)
 q - a wand of roots (5)
 u - a wand of mindburst (11)
 x - a wand of paralysis (24)
Scrolls
 r - 2 scrolls of amnesia
 v - 5 scrolls of teleportation
 y - 4 scrolls of magic mapping
 G - a scroll of brand weapon {unknown}
 H - 4 scrolls of identify
Potions
 d - 3 potions of might
 f - 3 potions of ambrosia
 g - 4 potions of lignification
 j - 2 potions of brilliance
 n - 3 potions of flight
 o - a potion of attraction {unknown}
 s - 4 potions of mutation
 w - 2 potions of cancellation {unknown}
 z - 2 potions of haste
 A - 2 potions of resistance {unknown}


   Skills:
 - Level 11.4 Fighting
 - Level 9.8(11.4) Axes
 * Level 9.3(11.2) Polearms
 - Level 3.6 Armour
 - Level 9.0 Shields
 * Level 13.8 Invocations


You had 11 spell levels left.
You didn't know any spells.
Your spell library contained the following spells:

 Spells                   Type           Power      Damage    Failure   Level
 Sandblast                Erth           0%         2d4       100%        1
 Blink                    Tloc           0%         N/A       100%        2
 Ensorcelled Hibernation  Hex/Ice        0%         N/A       100%        2
 Lesser Beckoning         Tloc           0%         N/A       100%        2
 Momentum Strike          Conj/Tloc      0%         3d8       100%        2
 Passwall                 Tmut/Erth      0%         N/A       100%        2
 Static Discharge         Conj/Air       0%         2-2/arc   100%        2
 Ozocubu's Armour         Ice            0%         N/A       100%        3
 Stone Arrow              Conj/Erth      0%         3d7       100%        3
 Swiftness                Air            0%         N/A       100%        3
 Airstrike                Air            0%         2d(0-16)  100%        4
 Anguish                  Hex/Necr       0%         N/A       100%        4
 Cause Fear               Hex            0%         N/A       100%        4
 Summon Lightning Spire   Summ/Air       0%         N/A       100%        4
 Metabolic Englaciation   Hex/Ice        0%         N/A       100%        5
 Simulacrum               Ice/Necr       0%         N/A       100%        6
 Enfeeble                 Hex            0%         N/A       100%        7
 Malign Gateway           Summ/Tloc      0%         N/A       100%        7
 Summon Horrible Things   Summ           0%         N/A       100%        8


Dungeon Overview and Level Annotations

Branches:
Dungeon (13/15)            Temple (1/1) D:5            Lair (0/5) D:8
    Orc (0/2) D:9          Bailey (visited)
 Vaults: D:13-14

Altars:
Ashenzari
Cheibriados
Dithmenos
Elyvilon
Fedhas
Gozag
Hepliaklqana
Kikubaaqudgha
Makhleb
Nemelex Xobeh
Okawaru
Qazlal
Ru
Sif Muna
Trog
Uskayaw
Vehumet
Wu Jian
Xom
Yredelemnul
The Shining One

Shops:
D:5 *

Annotations:
D:11 Snorg


Innate Abilities, Weirdness & Mutations

You have a pair of horns on your head.
You reflexively headbutt those who attack you in melee.


Message History

Amaemon tail-slaps you but does no damage.
You completely miss Amaemon. You headbutt Amaemon!
Amaemon is severely wounded.
The orange demon stings you but does no damage.
Amaemon barely misses you. You furiously retaliate!
You headbutt Amaemon. Amaemon completely misses you.
Amaemon tail-slaps you but does no damage.
Amaemon hits you with a +1 demon whip of venom.
Amaemon claws you but does no damage.
Amaemon tail-slaps you but does no damage.
The orange demon stings you but does no damage.
You slice Amaemon!! You drain Amaemon!
You kill Amaemon!
Qazlal accepts your kill.
The scorpion disappears in a puff of smoke!
Snorg bites you!! Snorg claws you. You block Snorg's attack.
The orange demon stings you from afar.
You slice Snorg!! You drain Snorg!
Snorg convulses!
Your headbutt misses Snorg.
Snorg is severely wounded.
The orange demon no longer looks unusually toxic.
Snorg barely misses you. Snorg claws you but does no damage. Snorg claws you!
The orange demon stings you from afar.
You are poisoned.
The orange demon poisons you! Snorg bites you! Snorg completely misses you.
Snorg claws you.
* * * LOW HITPOINT WARNING * * *
Snorg bites you.
* * * LOW HITPOINT WARNING * * *
Snorg claws you.
* * * LOW HITPOINT WARNING * * *
Snorg barely misses you. The orange demon barely misses you.
You feel better. Snorg bites you!
* * * LOW HITPOINT WARNING * * *
Snorg claws you!
* * * LOW HITPOINT WARNING * * *
Snorg claws you.
* * * LOW HITPOINT WARNING * * *
The orange demon barely misses you.
You feel better. You block Snorg's attack. Snorg claws you!
You die...

..# #.. ..# #######
..## #.....#
#..###..####.....#.#
#................#.#
##.# ##.###......#.#
#...###...........#.##
#..4T@.....#†...###.##
#...###.####.##.###.##
#... #......##...#.##
#... ########........
..... #.....[.. ......
#........ .....##
#......>. .....
#........ #........


You could see Snorg (berserk, drained) and an orange demon.

Vanquished Creatures
  A hydra (D:13)
  A boulder beetle (D:9)
  3 two-headed ogres
  Amaemon (D:11)
  A wizard (D:9)
  2 deep elf pyromancers
  A manticore (D:13)
  An ugly thing (D:13)
  A cyclops (D:13)
  A kobold demonologist (D:13)
  A komodo dragon (D:13)
  A tengu conjurer (D:9)
  5 trolls
  A hornet (D:9)
  Grinder (D:6)
  5 slime creatures
  Sigmund (D:2)
  21 yaks
  A vampire (D:13)
  3 wraiths
  4 wyverns
  4 steam dragons
  5 vampire mosquitoes (D:13)
  3 acid dragons
  Duvessa (D:6)
  A water moccasin (D:7)
  3 orc warriors
  3 black bears
  An ice beast (D:6)
  3 ogres
  6 wolves (Bailey)
  4 centaurs (D:7)
  7 kobold brigands
  Blork the orc (D:6)
  8 gnoll sergeants (Bailey)
  4 bullfrogs
  2 scorpions
  4 wights (D:8)
  Dowan (D:6)
  8 gnoll boudas
  5 hounds
  An orc priest (D:3)
  2 jellies
  2 sleepcaps
  3 iguanas
  6 orc wizards
  Robin (D:2)
  26 gnolls
  16 adders
  A white imp (D:6)
  An ufetubus (D:5)
  A worm (D:2)
  45 orcs
  9 ball pythons
  11 endoplasms
  5 giant cockroaches
  21 goblins
  18 hobgoblins
  7 jackals
  20 kobolds
  A quokka (D:1)
  7 bats
  3 frilled lizards
  5 rats
343 creatures vanquished.

Vanquished Creatures (others)
  A wizard (D:7)
  A water moccasin (D:7)
2 creatures vanquished.

Grand Total: 345 creatures vanquished

Notes
Turn   | Place    | Note
-------+----------+-------------------------------------------
     0 | D:1      | lonewolfV2 the Minotaur Fighter began the quest for the
                  | Orb.
     0 | D:1      | Reached XP level 1. HP: 19/19 MP: 0/0
   116 | D:1      | Reached XP level 2. HP: 27/27 MP: 1/1
   432 | D:1      | Reached XP level 3. HP: 32/34 MP: 2/2
   598 | D:2      | Noticed Sigmund
   612 | D:2      | Killed Sigmund
   613 | D:2      | Reached skill level 5 in Fighting
   613 | D:2      | Reached skill level 5 in Shields
   613 | D:2      | Reached XP level 4. HP: 20/44 MP: 3/3
   613 | D:2      | Reached XP level 5. HP: 22/50 MP: 4/4
  1433 | D:2      | Noticed Robin
  1439 | D:2      | Killed Robin
  1553 | D:2      | Reached XP level 6. HP: 57/57 MP: 5/5
  2493 | D:3      | Found a sparkling altar of Nemelex Xobeh.
  2493 | D:3      | Found an opulent altar of Gozag.
  2964 | D:4      | Reached XP level 7. HP: 66/66 MP: 6/6
  3961 | D:5      | Entered Level 5 of the Dungeon
  4397 | D:5      | Found a staircase to the Ecumenical Temple.
  4403 | Temple   | Entered the Ecumenical Temple
  4639 | D:5      | Reached XP level 8. HP: 77/77 MP: 7/7
  4755 | D:5      | Found Dawk's General Store.
  5108 | D:6      | Noticed Blork the orc
  5108 | D:6      | Noticed Dowan
  5109 | D:6      | Noticed Duvessa
  5121 | D:6      | Killed Blork the orc
  5122 | D:6      | Reached skill level 1 in Invocations
  5123 | D:6      | Killed Duvessa
  5124 | D:6      | Reached skill level 2 in Invocations
  5135 | D:6      | Killed Dowan
  5193 | D:6      | Reached skill level 3 in Invocations
  5199 | D:6      | Reached skill level 4 in Invocations
  5258 | D:6      | Identified the staff of earth "Fytok" {MP+9 Str+3}
  5285 | D:6      | Found a snail-covered altar of Cheibriados.
  5331 | D:6      | Reached skill level 10 in Fighting
  5331 | D:6      | Reached skill level 5 in Invocations
  5335 | D:6      | Reached XP level 9. HP: 67/85 MP: 8/12
  5348 | D:6      | Reached skill level 6 in Invocations
  5843 | D:6      | Noticed Grinder
  5847 | D:6      | Paralysed by Grinder for 5 turns
  5877 | D:6      | Reached skill level 7 in Invocations
  5882 | D:6      | Killed Grinder
  6031 | D:7      | Found a sacrificial altar of Ru.
  6316 | D:7      | Reached skill level 8 in Invocations
  6589 | D:7      | Found a bloodstained altar of Trog.
  6605 | D:7      | Noticed a wizard
  6611 | D:7      | Killed a wizard
  6719 | D:7      | Found an iron altar of Okawaru.
  6754 | D:7      | Found a hide-covered altar of Uskayaw.
  6804 | D:7      | Found a blossoming altar of Fedhas.
  6976 | D:7      | Reached XP level 10. HP: 71/96 MP: 13/15
  7423 | D:8      | Found a staircase to the Lair.
  7471 | D:8      | Reached skill level 9 in Invocations
  7635 | D:8      | Found a shadowy altar of Dithmenos.
  7777 | D:8      | Reached skill level 5 in Axes
  8022 | D:8      | Found a flagged portal.
  8037 | Bailey   | Entered a bailey
  8457 | Bailey   | Reached skill level 10 in Invocations
  8932 | Bailey   | Identified the staff of air "Yfocotze" {rElec rC+ rN+
                  | Stlth-}
  9228 | D:9      | Found a glowing golden altar of the Shining One.
  9316 | D:9      | Noticed a two-headed ogre
  9323 | D:9      | Killed a two-headed ogre
  9331 | D:9      | Reached XP level 11. HP: 19/102 MP: 2/18
  9570 | D:9      | Noticed a deep elf pyromancer
  9570 | D:9      | Found the +13 scythe of Curses {drain, curses, Drain}
  9582 | D:9      | Reached skill level 11 in Invocations
  9584 | D:9      | Noticed a boulder beetle
  9591 | D:9      | Noticed a wizard
  9608 | D:9      | Killed a wizard
  9620 | D:9      | Killed a deep elf pyromancer
  9622 | D:9      | Killed a boulder beetle
 10041 | D:9      | Found a staircase to the Orcish Mines.
 10094 | D:9      | Found a stormy altar of Qazlal.
 10137 | D:9      | Noticed a two-headed ogre
 10143 | D:9      | Killed a two-headed ogre
 10247 | D:9      | Became a worshipper of Qazlal Stormbringer
 10263 | D:10     | Entered Level 10 of the Dungeon
 11209 | D:10     | Identified the +1 spear of Hapn {elec, rF++ rN+++ Int-2
                  | Stlth-}
 11307 | D:10     | Reached skill level 12 in Invocations
 11326 | D:10     | Reached skill level 5 in Polearms
 11568 | D:10     | Reached * piety under Qazlal
 11582 | D:10     | Found a shimmering altar of Xom.
 11713 | D:10     | You fall into a shaft and drop 3 floors!
 11713 | D:13     | Found a gate leading to a gauntlet.
 12199 | D:13     | Reached XP level 12. HP: 110/110 MP: 20/20
 12219 | D:13     | Noticed a six-headed hydra
 12226 | D:13     | Killed a nine-headed hydra
 12475 | D:13     | Reached skill level 13 in Invocations
 12598 | D:12     | Identified the amulet of Qoscha {Acrobat Fragile rElec
                  | Will+++ Slay-4}
 13172 | D:12     | Noticed a two-headed ogre
 13183 | D:12     | Killed a two-headed ogre
 13290 | D:11     | Noticed Snorg
 13290 | D:11     | Noticed Amaemon
 13299 | D:11     | Killed Amaemon
 13301 | D:11     | HP: 2/110 [Snorg (4)]
 13302 | D:11     | Slain by Snorg

Illustrated notes

Levels and vault maps discovered:
D:1:      evilmike_arrival_hilbert_curve, layout_rooms
D:2:      layout_loops_cross, uniq_robin, uniq_sigmund
D:3:      layout_loops_corners, grunt_temple_overflow_opulence,
          minmay_randomly_rotated_circles
D:4:      corexii_shantytown, layout_loops_cross, st_stairs_7
D:5:      layout_loops_ring, minmay_temple_entry_hall, serial_shops, shop
D:6:      layout_basic, cheibriados_altar_1, minmay_checkerbox,
          uniq_blork_the_orc, uniq_duvessa, uniq_grinder
D:7:      layout_basic, eat_drink_and_be_merry_uskayaw,
          overflow_temple_1_default, mainiacjoe_overflow_alcove_1,
          lemuel_tele_altar, trog_wizard
D:8:      layout_cave_pools, nicolae_dithmenos_shadow_blocks, enter_bailey_7
D:9:      minmay_the_grid_triangle_9x9_recursive_2
          [minmay_the_grid_triangle_9x9_prize_top_heavy,
          minmay_the_grid_triangle_9x9_steps,
          minmay_the_grid_triangle_9x9_descending_squares,
          minmay_the_grid_triangle_9x9_zippers_vertical], layout_stronghold,
          nicolae_tso_carved_into_rock, nicolae_qazlal_style_of_elements,
          orc_0_dummy
D:10:     layout_basic, tgw_xom, zin_angel
D:11:     layout_basic, uniq_snorg, uniq_amaemon
D:12:     layout_roguey, uniq_erolcha
D:13:     layout_basic, gauntlet_entry_generic, st_stairs_11,
          nicolae_underground_beach
Temple:   nicolae_temple_figure_zero

Skill      XL: |  1  2  3  4  5  6  7  8  9 10 11 12 |
---------------+-------------------------------------+-----
Fighting       | 4 5 6 7 8 10 11 | 11.4
Shields        | 4 5 6 7 8 9 |  9.0
Invocations    | 5 8 10 12 13 | 13.8
Axes           | 3 8 9 |  9.8
Polearms       | 6 9 |  9.3
Armour         | |  3.6

Action                     |  1- 3 |  4- 6 |  7- 9 | 10-12 || total
---------------------------+-------+-------+-------+-------++-------
  Melee: War axe           |    63 |   167 |   314 |   166 ||   710
         Headbutt          |     9 |    24 |    58 |    70 ||   161
         Scythe            |       |       |       |   172 ||   172
    Use: Scroll            |     2 |     9 |     6 |     7 ||    24
         Potion            |       |       |       |    14 ||    14
 Armour: Scale mail        |    24 |    81 |    81 |       ||   186
         Plate armour      |       |       |   153 |   462 ||   615
  Dodge: Dodged            |    27 |    67 |    93 |   162 ||   349
  Block: Kite shield       |    37 |   132 |   294 |       ||   463
         Buckler           |     1 |       |       |       ||     1
         Tower shield      |       |       |       |   321 ||   321
         Other             |       |       |       |    12 ||    12
